 Dungeon Crawl Stone Soup version 0.31-a0-236-g9a0961fb85 (webtiles) character file.

Game seed: 1825095401903104551

25 qw the Shooter (level 2, 0/24 HPs)
             Began as a Minotaur Hexslinger on July 9, 2023.
             Slain by a worm (7 damage)
             ... on level 2 of the Dungeon.
             The game lasted 00:00:19 (944 turns).

qw the Shooter (Minotaur Hexslinger)                 Turns: 944, Time: 00:00:19

Health: 0/24       AC:  3    Str: 12    XL:     2   Next: 86%
Magic:  2/2        EV: 11    Int: 10    God:
Gold:   95         SH:  0    Dex: 12    Spells: 2/3 levels left

rFire   . . .        a - +1 sling
rCold   . . .        (no shield)
rNeg    . . .        e - +0 leather armour
rPois   .            (helmet restricted)
rElec   .            (no cloak)
rCorr   .            (no gloves)
SInv    .            (no boots)
Will    .....        (no amulet)
Stlth   +            (no ring)
HPRegen 0.24/turn    (no ring)
MPRegen 0.08/turn

%: no passive effects
@: lethally poisoned (0 -> -4)
A: horns 2, retaliatory headbutt
a: no special abilities


You were on level 2 of the Dungeon.
You visited 1 branch of the dungeon, and saw 2 of its levels.

You collected 95 gold pieces.


Innate Abilities, Weirdness & Mutations

You have a pair of horns on your head.
You reflexively headbutt those who attack you in melee.


   Skills:
 - Level 2.0 Fighting
 + Level 3.5 Ranged Weapons
 - Level 2.1 Dodging
 - Level 1.0 Spellcasting
 - Level 2.0 Hexes


You had 2 spell levels left.
You knew the following spells:

 Your Spells              Type           Power      Damage    Failure   Level
a - Slow                  Hex            16%        N/A       19%         1

Your spell library contained the following spells:

 Spells                   Type           Power      Damage    Failure   Level
 Inner Flame              Hex/Fire       2%         N/A       65%         3
 Portal Projectile        Hex/Tloc       4%         N/A       65%         3
 Cause Fear               Hex            2%         N/A       88%         4

Inventory:

Hand Weapons
 a - a +1 sling (weapon)
Armour
 e - a +0 leather armour (worn)
Jewellery
 b - a +6 ring of intelligence
Scrolls
 c - a scroll of identify {unknown}
Potions
 d - a potion of curing {unknown}
 f - 3 potions of might {unknown}

Dungeon Overview and Level Annotations

Branches:
Dungeon (2/15)

Altars:

Shops:
D:1 !


Message History

An adder comes into view.
You shoot a sling bullet.
The sling bullet barely misses the worm.
The adder hisses angrily.
You shoot a sling bullet.
The sling bullet barely misses the worm.
You shoot a sling bullet.
The sling bullet hits the worm but does no damage.
The worm is heavily wounded.
The worm barely misses you.
You shoot a sling bullet. The sling bullet hits the worm.
The worm is severely wounded.
A goblin comes into view. It is wielding a +0 dagger.
The worm closely misses you.
You shoot a sling bullet. The goblin shouts!
The sling bullet hits the worm.
The worm is severely wounded.
The adder barely misses you. The worm bites you.
You shoot a sling bullet. The sling bullet hits the worm.
The worm is almost dead.
The adder bites you but does no damage. The adder barely misses you.
You shoot a sling bullet. The sling bullet hits the worm.
The worm is almost dead.
The adder bites you but does no damage. The worm bites you but does no damage.
The adder bites you.
You are poisoned.
The adder poisons you!
You shoot a sling bullet.
The sling bullet barely misses the worm.
The sling bullet hits the goblin!
You kill the goblin!
You feel very sick.
A goblin comes into view. It is wielding a +0 club.
The adder bites you but does no damage. The worm bites you!
You shoot a sling bullet. The sling bullet hits the worm.
The worm is almost dead.
You feel sick. The adder closely misses you. The adder barely misses you.
The worm bites you!
You die...

#~~~~..#######.# ..
~# ###..........#
.#
..~~##....#########
. ..........#
#...##..## #.# #..#
.###.####..####..
............%...#
##.##@....#.###
#Sw.### .? ....).#
#. #.##....# . #
#....b. ###..##$ #
#... # # ...# # ##


You could see a worm, an adder and a bat (wandering).

Vanquished Creatures
  A worm (D:2)
  A dart slug (D:1)
  2 ball pythons
  2 endoplasms
  3 goblins
  2 hobgoblins (D:2)
  2 quokkas (D:1)
  3 bats
  A kobold (D:2)
  3 rats
20 creatures vanquished.

Notes
Turn   | Place    | Note
-------+----------+-------------------------------------------
     0 | D:1      | qw the Minotaur Hexslinger began the quest for the Orb.
     0 | D:1      | Reached XP level 1. HP: 16/16 MP: 1/1
     0 | D:1      | 0 ||| qw: Version: 0.3-a-51-g015441d
     0 | D:1      | 0 ||| qw: Game counter: 4375
     0 | D:1      | 0 ||| qw: Melee chars always use a shield: true
     0 | D:1      | 0 ||| qw: God list: Okawaru
     0 | D:1      | 0 ||| qw: Allow faded altars: false
     0 | D:1      | 0 ||| qw: Do Orc after clearing Dungeon:15 true
     0 | D:1      | 0 ||| qw: Do second Lair branch before Depths: true
     0 | D:1      | 0 ||| qw: Lair rune preference: random
     0 | D:1      | 0 ||| qw: Goals: Normal
     0 | D:1      | 0 ||| PLANNING D:1-11
   115 | D:1      | Found Vossow's Distillery.
   127 | D:1      | 127 ||| SHOPLISTING potion of haste (140 gold, have 22).
   127 | D:1      | 127 ||| SHOPLISTING potion of mutation (112 gold, have 22).
   169 | D:1      | Reached skill level 3 in Ranged Weapons
   175 | D:1      | Reached XP level 2. HP: 23/23 MP: 2/2
   554 | D:1      | 554 ||| UPGRADING to +0 leather armour.
   564 | D:1      | 564 ||| DROPPING +0 robe.
   565 | D:1      | 565 ||| DRINKING 2 purple potions.
   566 | D:1      | 566 ||| DROPPING scroll of poison.
   567 | D:1      | 567 ||| DROPPING potion of attraction.
   944 | D:2      | Slain by a worm

Levels and vault maps discovered:
D:1:      lemuel_arrival_cross, layout_basic, serial_shops, nicolae_square_shop
D:2:      layout_loops_ring, minivault_4, dk_noncrumbling_3, minmay_hexomino_r4

Skill      XL: |  1  2 |
---------------+-------+-----
Ranged Weapons | 3 |  3.5
Fighting       | 2 |  2.0
Dodging        | |  2.1
Spellcasting   | |  1.0
Hexes          | |  2.0

Action                     || total
---------------------------++-------
   Fire: Sling             ||    77
    Use: Potion            ||     1
 Armour: Leather armour    ||     9
  Dodge: Dodged            ||    19

Table legend:
 A = Non-vault XP
 B = Vault XP
 C = Vault XP percentage of total XP
 D = Non-vault monster count
 E = Vault monster count
 F = Vault count percentage of total count
                 A         B        C        D         E       F
            +---------+---------+-------+---------+---------+-------
      Total |      33 |       4 |  10.8 |      18 |       2 |  10.0
            +---------+---------+-------+---------+---------+-------
        D:1 |      18 |       0 |   0.0 |      10 |       0 |   0.0
        D:2 |      15 |       4 |  21.1 |       8 |       2 |  20.0
            +---------+---------+-------+---------+---------+-------
